 Dungeon Sprint DCSS version 0.21-a0-346-g330ab2c (webtiles) character file.

181 Kidiri the Skirmisher (level 5, -3/78 HPs)
             Began as a Draconian Berserker on Oct 5, 2017.
             Was an Elder of Trog.
             Collided with a stone wall (11 damage)
             ... caused by a deep elf mage
             ... in the Dungeon (Sprint III: "The Ten Rune Challenge").
             The game lasted 00:02:33 (610 turns).

Kidiri the Skirmisher (Draconian Berserker)          Turns: 610, Time: 00:02:34

Health: -3/78      AC:  5    Str: 25    XL:     5   Next: 34%
Magic:  5/5        EV: 14    Int:  8    God:    Trog [****..]
Gold:   20         SH:  0    Dex: 10    Spells: 4/4 levels left

rFire    + . .     SeeInvis .   a - +0 mace
rCold    . . .     Gourm    .   (no shield)
rNeg     . . .     Faith    .   (armour unavailable)
rPois    .         Spirit   .   (helmet restricted)
rElec    .         Reflect  .   (no cloak)
rCorr    .         Harm     .   (no gloves)
MR       ++...     Clarity  +   (no boots) Stlth ..........NoTele +
                                (no amulet)
HPRegen  1.23/turn              (no ring)
MPRegen  0.09/turn              (no ring)

@: berserking (expiring), regenerating, very quick
A: unfitting armour, stinger 1, clarity, fire resistance 1, cold-blooded, AC +5
a: Berserk, Trog's Hand, Brothers in Arms, Burn Spellbooks, Renounce Religion


You were in the Dungeon.
You worshipped Trog.
Trog was greatly pleased with you.
You were hungry.

You visited 1 branch You collected 20 gold pieces.

Inventory:

Hand Weapons
 a - a +0 mace (weapon)
Missiles
 i - 7 javelins of returning (quivered)
Scrolls
 h - a scroll of blinking
 m - 3 scrolls of identify
 n - 3 scrolls of remove curse
 q - a scroll of holy word
Potions
 c - 3 potions of curing
 d - a potion of heal wounds
 e - a potion of haste
 f - 2 potions of magic
 g - a potion of berserk rage
 k - 2 potions of mutation
 p - 3 potions of flight
Comestibles
 b - 2 bread rations


   Skills:
 * Level 7.2 Fighting
 * Level 6.5 Maces & Flails
 + Level 3.5 Throwing
 * Level 6.0 Dodging


You had 4 spell levels left.
You didn't know any spells.

Dungeon Overview and Level Annotations

Branches:
Dungeon (1/1)

Altars:
Elyvilon
Kikubaaqudgha
Sif Muna
Vehumet
Zin
The Shining One


Innate Abilities, Weirdness & Mutations

Your plain brown scales are hard. (AC +5)
You cannot fit into any form of body armour.
You are cold-blooded and may be slowed by cold attacks.
Your tail ends in a poisonous barb.
You possess an exceptional clarity of mind.
Your flesh is heat resistant. (rF+)


Message History

You sock the deep elf mage!
Your tail-slap misses the deep elf mage.
The deep elf mage is heavily wounded.
The deep elf mage gestures at you while chanting.
The orb of energy hits you!
The orb of energy explodes!
You sock the deep elf mage!
The deep elf mage is severely wounded.
You completely miss the deep elf mage.
The deep elf mage is severely wounded.
The deep elf mage points at you and mumbles some strange words.
The lance of force hits you!
You are knocked back by the lance of force.
You slam into the stone wall!
Unknown command.
The deep elf mage points at you and mumbles some strange words.
The lance of force hits you!
* * * LOW HITPOINT WARNING * * *
You are knocked back by the lance of force.
You slam into the stone wall!
You die...

▓▓▓▓ ▓▓▓ ...####
##.#####
......#####..#___#
.......#..#..#e.@#
#.##...#..#..###'#+###+
#.###..##+#..#..........
##.##..###...'.⌠........
..##..####...#...######+
..##..###....#.⌠.#
.##...##.....#...#
##....#......#+###
##..##%#.....#.)(#


You could see a deep elf mage.

Vanquished Creatures
  A water elemental (D)
  A scorpion (D)
  A wizard (D)
  A human (D)
  A kobold demonologist (D)
  2 oozes (D)
  2 rats (D)
9 creatures vanquished.

Vanquished Creatures (others)
  2 draconian scorchers (D)
  6 hellions (D)
  3 yaktaurs (D)
  2 plants (D)
13 creatures vanquished.

Grand Total: 22 creatures vanquished

Notes
Turn   | Place    | Note
-------+----------+-------------------------------------------
     0 | D        | Kidiri the Draconian Berserker began the quest for the Orb.
     0 | D        | Reached XP level 1. HP: 19/19 MP: 1/1
    14 | D        | Reached skill level 4 in Fighting
    14 | D        | Reached skill level 1 in Throwing
    14 | D        | Reached XP level 2. HP: 22/27 MP: 2/2
    76 | D        | Reached ** piety under Trog
    88 | D        | Killed a hellion
    90 | D        | Killed a hellion
   107 | D        | Killed a hellion
   109 | D        | Killed a hellion
   114 | D        | Killed a hellion
   118 | D        | Killed a hellion
   137 | D        | Noticed a scorpion
   139 | D        | Killed a yaktaur
   143 | D        | Killed a scorpion
   143 | D        | Reached skill level 5 in Fighting
   143 | D        | Reached skill level 5 in Maces & Flails
   143 | D        | Reached XP level 3. HP: 36/36 MP: 3/3
   147 | D        | Reached XP level 4. HP: 44/44 MP: 4/4
   165 | D        | Gained mutation: You possess an exceptional clarity of mind. [potion of mutation]
   165 | D        | Gained mutation: Your tail ends in a poisonous barb. [potion of mutation]
   165 | D        | Gained mutation: Your flesh is heat resistant. (rF+) [potion of mutation]
   196 | D        | Killed a white draconian scorcher
   213 | D        | Noticed a water elemental
   217 | D        | Killed a water elemental
   217 | D        | Reached *** piety under Trog
   217 | D        | Reached skill level 6 in Fighting
   217 | D        | Reached skill level 5 in Dodging
   217 | D        | Reached XP level 5. HP: 43/51 MP: 5/5
   226 | D        | Killed a yaktaur
   238 | D        | Killed a white draconian scorcher
   430 | D        | Found a radiant altar of Vehumet.
   431 | D        | Found a deep blue altar of Sif Muna.
   431 | D        | Found an ancient bone altar of Kikubaaqudgha.
   432 | D        | Received a gift from Trog
   432 | D        | Reached skill level 7 in Fighting
   442 | D        | Noticed a smoke demon
   443 | D        | Reached **** piety under Trog
   593 | D        | Killed a yaktaur
   602 | D        | Found a glowing silver altar of Zin.
   605 | D        | Found a glowing golden altar of the Shining One.
   605 | D        | Found a white marble altar of Elyvilon.
   605 | D        | Noticed a deep elf mage
   610 | D        | Collided with a stone wall

Vault maps used:
D:        dungeon_sprint_mu

Skill      XL: |  1  2  3  4  5 |
---------------+----------------+-----
Dodging        | 3 4 5 6 |  6.0
Fighting       | 4 5 6 7 |  7.2
Throwing       | 1 2 3 |  3.5
Maces & Flails | 5 6 |  6.5

Action                   |  1- 3 |  4- 6 || total
-------------------------+-------+-------++-------
Melee: Mace              |    21 |    15 ||    36
       Tailslap          |     6 |     1 ||     7
Invok: Berserk           |     1 |     3 ||     4
       Burn Spellbooks   |       |     1 ||     1
       Trog's Hand       |       |     1 ||     1
  Use: Potion            |       |     1 ||     1
       Scroll            |       |     2 ||     2
 Stab: Sleeping          |     1 |       ||     1
  Eat: Royal jelly       |       |     1 ||     1
Armor: Skin              |     2 |     9 ||    11
Dodge: Dodged            |     8 |    21 ||    29

Table legend:
 A = Spawn XP
 B = Non-spawn XP
 C = Spawn XP percentage of total XP
 D = Spawn monster count
 E = Non-spawn monster count
 F = Spawn count percentage of total count
 G = Total turns spent on level
                    A         B        C        D         E        F      G
               +---------+---------+-------+---------+---------+-------+---------
         Total |       0 |     259 |   0.0 |       0 |       9 |   0.0 |   610
               +---------+---------+-------+---------+---------+-------+---------
             D |       0 |     259 |   0.0 |       0 |       9 |   0.0 |   610
               +---------+---------+-------+---------+---------+-------+---------
